 Dungeon Crawl Stone Soup version 0.27.1-3-gb3d3a73c9e (webtiles) character file.

Game seed: 607809390744096684

636 Arcadio the Skirmisher (level 7, 0/58 HPs)
             Began as a Djinni Fire Elementalist on Oct 20, 2021.
             Was an Initiate of Makhleb.
             Slain by an orc warrior (14 damage)
             ... on level 6 of the Dungeon.
             The game lasted 00:19:41 (6864 turns).

Arcadio the Skirmisher (Djinni Fire Elementalist)   Turns: 6864, Time: 00:19:42

Health: 0/58       AC:  9    Str:  7    XL:     7   Next: 79%
Gold:   166        EV: 13    Int: 18    God:    Makhleb [......] SH:  0 Dex: 14

rFire    + + .     SeeInvis +   o - +2 whip (freeze)
rCold    x . .     Faith    .   (no shield)
rNeg     . . .     Spirit   .   l - +0 robe {Will+}
rPois    ∞         Reflect  .   (no helmet)
rElec    .         Harm     .   (no cloak)
rCorr    .         Rampage  .   i - +2 pair of gloves
Will     +....                  (boots unavailable)
Stlth    ++........             (no amulet)
HPRegen  0.19/turn              h - ring of see invisible
MPRegen  0.00/turn              p - +4 ring of protection

@: flying, very slightly contaminated
A: sickness immunity, fire resistance 2, cold vulnerability 1, float, innate
caster, hp casting, extra vitality 1
a: Renounce Religion


You were on level 6 of the Dungeon.
You worshipped Makhleb.
Makhleb was noncommittal.
You visited 2 branches of the dungeon, and saw 7 of its levels.

You collected 166 gold pieces.

Inventory:

Hand Weapons
 c - a +0 whip
 g - a +2 hunting sling of freezing
 n - a +2 dagger of draining
 o - a +2 whip of freezing (weapon)
 w - a +0 dire flail of protection
Armour
 a - a +0 robe
 f - a +0 leather armour
 i - a +2 pair of gloves (worn)
 k - a +1 ring mail of fire resistance
 l - a +0 robe of willpower (worn)
 s - a +0 buckler
Jewellery
 h - a ring of see invisible (left hand)
 p - a +4 ring of protection (right hand)
Wands
 q - a wand of flame (12)
 t - a wand of charming (6)
Scrolls
 b - a scroll of acquirement {unknown}
 m - 4 scrolls of enchant weapon {unknown}
 v - a scroll of teleportation
Potions
 d - a potion of brilliance
 e - a potion of curing
 j - 2 potions of mutation
 r - a potion of lignification {unknown}
 u - a potion of haste {unknown}


   Skills:
 + Level 7.1 Fighting
 + Level 4.0 Dodging
 - Level 1.5 Stealth
 - Level 2.4 Spellcasting


You couldn't memorise any spells.
You knew the following spells:

 Your Spells              Type           Power      Damage    Failure   Level
a - Foxfire               Conj/Fire      40%        2x1d6     6%          1
b - Conjure Flame         Conj/Fire      10%        6-21      19%         3
c - Inner Flame           Hex/Fire       10%        N/A       19%         3
d - Sticky Flame          Conj/Fire      10%        2d3       54%         4
e - Fireball              Conj/Fire      5%         3d5       87%         5
f - Magic Dart            Conj           40%        1d5       6%          1
g - Poisonous Vapours     Pois/Air       20%        N/A       10%         2
h - Tukima's Dance        Hex            10%        N/A       19%         3
Your spell library was empty.

Dungeon Overview and Level Annotations

Branches:
Dungeon (6/15)             Temple (1/1) D:4

Altars:
Ashenzari
Cheibriados
Dithmenos
Elyvilon
Fedhas
Gozag
Hepliaklqana
Makhleb
Nemelex Xobeh
Okawaru
Qazlal
Ru
Sif Muna
Trog
Uskayaw
Vehumet
Wu Jian
Xom
Yredelemnul
Zin
The Shining One

Shops:
D:3 (


Innate Abilities, Weirdness & Mutations

You are immune to sickness and miasma.
You are immune to poison.
Your flesh is very heat resistant. (rF++)
You are vulnerable to cold. (rC-)
You float through the air rather than walking.
You learn spells naturally, not from books.
Your magical power is your life essence.
You have superior vitality. (+4 HP)


Message History

There is a stone staircase leading up here.
You feel better.
The orc shouts!
The orc warrior closely misses you.
An orc comes into view. It is wielding a +0 hand axe.
Casting: Foxfire (safe; 6% risk of failure)
Confirm with . or Enter, or press ? or * to list all spells.
Aiming: Inner Flame (dangerous; 19% risk of failure)
Press: ? - help, Shift-Dir - straight line, f - orc warrior
Aim: an orc warrior, wielding a +0 halberd and wearing a +0 plate armour (lightly wounded, chance to affect: 59%)
You miscast Inner Flame.
You are very lightly contaminated with residual magic.
Nothing appears to happen.
The orc warrior barely misses you.
An orc comes into view. It is wielding a +0 short sword.
Casting: Inner Flame (dangerous; 19% risk of failure)
Confirm with . or Enter, or press ? or * to list all spells.
Aiming: Inner Flame (dangerous; 19% risk of failure)
Press: ? - help, Shift-Dir - straight line, f/p - orc warrior
Aim: an orc warrior, wielding a +0 halberd and wearing a +0 plate armour (lightly wounded, chance to affect: 59%)
The orc warrior is filled with an inner flame.
The orc shouts!
The orc warrior hits you with a +0 halberd!
You hit the orc warrior.
Flame seeps out of the orc warrior.
You freeze the orc warrior.
Flame seeps out of the orc warrior.
The orc warrior is moderately wounded.
The orc warrior is engulfed in blazing flames.
Flame seeps out of the orc warrior.
The orc warrior hits you with a +0 halberd.
* * * LOW HITPOINT WARNING * * *
You barely miss the orc warrior.
The orc warrior is heavily wounded.
The orc warrior is engulfed in blazing flames.
Flame seeps out of the orc warrior.
The orc warrior hits you with a +0 halberd!
* * * LOW HITPOINT WARNING * * *
You feel better.
The orc warrior is engulfed in blazing flames.
Flame seeps out of the orc warrior.
The orc warrior hits you with a +0 halberd!
You die...

### ..# #.#
#.# #.# #.#
#.# #@#
###o#
######.oo##
#..o...oo.#
#.###..(#.#
#..[.....
........###
###......#
.....#.#


You could see an orc warrior (inner flame), an orc wizard and 3 orcs.

Vanquished Creatures
  Edmund (D:6)
  An ogre (D:3)
  A water moccasin skeleton (D:5)
  8 orc wizards
  A hound skeleton (D:4)
  A gnoll (D:5)
  2 adders
  A shadow imp (D:4)
  2 ufetubi
  An adder skeleton (D:5)
  2 worms (D:2)
  25 orcs
  8 ball pythons
  5 endoplasms
  4 giant cockroaches
  4 goblins
  5 hobgoblins
  7 jackals (D:2)
  5 quokkas
  3 bats
  A frilled lizard (D:3)
  9 kobolds
  3 rats
100 creatures vanquished.

Vanquished Creatures (others)
  An orc wizard (D:5)
  290 foxfires
291 creatures vanquished.

Grand Total: 391 creatures vanquished

Notes
Turn   | Place    | Note
-------+----------+-------------------------------------------
     0 | D:1      | Arcadio the Djinni Fire Elementalist began the quest for
                  | the Orb.
     0 | D:1      | Reached XP level 1. HP: 15/15 MP: 0/0
   310 | D:1      | Reached skill level 1 in Fighting
   395 | D:1      | Reached XP level 2. HP: 21/22 MP: 0/0
   480 | D:1      | You are sucked into a shaft and drop 1 floor!
   920 | D:1      | Reached skill level 2 in Fighting
  1609 | D:1      | Reached XP level 3. HP: 28/29 MP: 0/0
  1609 | D:1      | Learned a level 1 spell: Magic Dart
  2576 | D:2      | Reached skill level 3 in Fighting
  2838 | D:2      | Reached XP level 4. HP: 33/35 MP: 0/0
  3510 | D:3      | Noticed an ogre
  3521 | D:3      | Killed an ogre
  3522 | D:3      | Reached skill level 4 in Fighting
  3522 | D:3      | Reached XP level 5. HP: 7/42 MP: 0/0
  3522 | D:3      | Learned a level 2 spell: Poisonous Vapours
  3898 | D:3      | Reached skill level 5 in Fighting
  4115 | D:3      | Reached XP level 6. HP: 45/49 MP: 0/0
  4323 | D:3      | Found Legocs's Antique Weapon Boutique.
  4561 | D:3      | Found a faded altar of an unknown god.
  4886 | D:3      | Reached skill level 6 in Fighting
  5399 | D:4      | Found a staircase to the Ecumenical Temple.
  5446 | Temple   | Entered the Ecumenical Temple
  5585 | Temple   | Became a worshipper of Makhleb the Destroyer
  5730 | D:5      | Entered Level 5 of the Dungeon
  6166 | D:4      | Reached XP level 7. HP: 45/57 MP: 0/0
  6166 | D:4      | Learned a level 3 spell: Tukima's Dance
  6677 | D:5      | Noticed Edmund
  6833 | D:6      | Killed Edmund
  6834 | D:6      | Reached skill level 7 in Fighting
  6864 | D:6      | Slain by an orc warrior

Illustrated notes

Levels and vault maps discovered:
D:1:      minmay_arrival_open_corners, layout_loops_corners,
          minmay_misc_feat_four_crosses, chequers_serial_rivers_small_3
D:2:      layout_rooms
D:3:      layout_loops_ring, serial_shops, nicolae_shop_waterfront,
          dreamdust_ecumenical_altar_angels_and_demons, minivault_5, hex_tiny
D:4:      layout_basic, minmay_temple_entry_trees
D:5:      layout_cave_pools, uniq_edmund
D:6:      layout_loops_ring, gammafunk_ghost_nasty_kobolds,
          cheibrodos_sewer_entry_drain, minivault_1, st_stairs_14,
          grunt_ministairs_2
Temple:   nicolae_temple_the_god_donut

Skill      XL: |  1  2  3  4  5  6  7 |
---------------+----------------------+-----
Fighting       | 1 2 3 4 5 6 7 |  7.1
Dodging        | 4 |  4.0
Stealth        | |  1.5
Spellcasting   | |  2.4

Action                   |  1- 3 |  4- 6 |  7- 9 || total
-------------------------+-------+-------+-------++-------
Melee: Whip              |    76 |    41 |    15 ||   132
       Dagger            |       |    20 |       ||    20
 Cast: Foxfire           |    51 |   106 |    25 ||   182
       Inner Flame       |       |       |     4 ||     4
       Poisonous Vapours |       |       |     1 ||     1
  Use: Scroll            |     3 |     2 |       ||     5
       Potion            |       |       |     2 ||     2
 Stab: Sleeping          |     1 |       |       ||     1
Armor: Robe              |    33 |    33 |    13 ||    79
Dodge: Dodged            |    71 |    62 |    29 ||   162
